 Dungeon Sprint DCSS version 0.28-a0-1182-g381e24db82 (webtiles) character file.

Game seed: 11114925156396629934

21 mhtbhm the Covered (level 2, -2/43 HPs)
             Began as a Minotaur Fighter on Dec 17, 2021.
             Slain by a scorpion (6 damage)
             ... in the Dungeon (Sprint IX: "|||||||||||||||||||||||||||||").
             The game lasted 00:00:10 (135 turns).

mhtbhm the Covered (Minotaur Fighter)                Turns: 135, Time: 00:00:11

Health: -2/43      AC:  7    Str: 20    XL:     2   Next: 65%
Magic:  1/1        EV:  9    Int:  5    God:
Gold:   0          SH:  4    Dex:  9    Spells: 1/1 levels left

rFire   . . .      SeeInvis .   a - +0 long sword
rCold   . . .      Faith    .   c - +0 buckler
rNeg    . . .      Spirit   .   b - +0 scale mail
rPois   .          Reflect  .   (helmet restricted)
rElec   .          Harm     .   (no cloak)
rCorr   .          Rampage  .   (no gloves)
Will    .....      NoTele   +   (no boots)
Stlth   ..........              (no amulet)
HPRegen 0.14/turn               (no ring)
MPRegen 0.07/turn               (no ring)

@: berserking, lethally poisoned (-2 -> -9), very quick
A: horns 2, retaliatory headbutt
a: no special abilities


You were in the Dungeon.
You visited 1 branch

Inventory:

Hand Weapons
 a - a +0 long sword (weapon)
Armour
 b - a +0 scale mail (worn)
 c - a +0 buckler (worn)
Scrolls
 j - a scroll of blinking
Potions
 d - a potion of might
 g - a potion of haste
 h - 2 potions of magic


   Skills:
 + Level 5.2 Fighting
 + Level 3.5 Long Blades
 + Level 5.3 Armour
 + Level 0.4 Dodging
 + Level 4.3 Shields


You had one spell level left.
You didn't know any spells.
Your spell library was empty.

Dungeon Overview and Level Annotations

Branches:
Dungeon (1/1)

Altars:


Innate Abilities, Weirdness & Mutations

You have a pair of horns on your head.
You reflexively headbutt those who attack you in melee.


Message History

Your Fighting skill increases to level 5!
Your Long Blades skill increases to level 3!
Your Armour skill increases to level 5!
Your Shields skill increases to level 4!
You have reached level 2!
You feel better. The white imp gestures at you. The puff of frost hits you!
* * * LOW HITPOINT WARNING * * *
Unknown command.
You feel much better. The white imp gestures at you.
The puff of frost hits you!
A red film seems to cover your vision as you go berserk!
You feel yourself moving faster!
You feel mighty!
You slash the white imp! You headbutt the white imp.
You kill the white imp!
You hit the scorpion. Your headbutt misses the scorpion.
The scorpion is lightly wounded.
You block the scorpion's attack.
You closely miss the scorpion.
The scorpion is lightly wounded.
The scorpion stings you!
* * * LOW HITPOINT WARNING * * *
You are lethally poisoned!
The scorpion poisons you!
You closely miss the scorpion.
The scorpion is lightly wounded.
* * * LOW HITPOINT WARNING * * *
You feel sick. The scorpion barely misses you.
Your scale mail prevents you from hitting the scorpion.
The scorpion is lightly wounded.
* * * LOW HITPOINT WARNING * * *
You feel sick.
The scorpion stings you but does no damage.
You slash the scorpion! Your headbutt misses the scorpion.
The scorpion is almost dead.
* * * LOW HITPOINT WARNING * * *
You feel sick. The scorpion stings you.
You die...

▓.▓
▓.▓
▓.▓
▓'▓
▓)▓
▓.▓
▓.▓
▓.▓
▓@▓
▓s▓
▓s▓
▓Z▓
▓.▓
▓.▓
▓.▓
▓+▓


You could see 2 scorpions and an adder zombie.

Vanquished Creatures
  An adder (D)
  A white imp (D)
  An endoplasm (D)
  A goblin (D)
  2 frilled lizards (D)
  A rat (D)
7 creatures vanquished.

Notes
Turn   | Place    | Note
-------+----------+-------------------------------------------
     0 | D        | mhtbhm the Minotaur Fighter began the quest for the Orb.
     0 | D        | Reached XP level 1. HP: 19/19 MP: 0/0
     7 | D        | Banished a spatial maelstrom
   117 | D        | Noticed a scorpion
   117 | D        | Noticed a scorpion
   127 | D        | Reached skill level 5 in Fighting
   127 | D        | Reached skill level 5 in Armour
   127 | D        | Reached XP level 2. HP: 2/29 MP: 1/1
   135 | D        | Slain by a scorpion

Illustrated notes

Levels and vault maps discovered:
D:        linesprint [early_d, line_temple, items_1, d_10, items_2, lair_1,
          lair_end, items_3, orc_1, orc_end, items_4, d_15, swamp_1, shoals_1,
          snake_1, spider_1, d_20, vaults_1, items_5, swamp_end, shoals_end,
          snake_end, spider_end, vaults_end, d_27, items_6, zot_1, zot_end,
          crypt_end, forest_end, elf_end, slime_end, tomb_end, abyss_end,
          pan_hell_end]

Skill      XL: |  1 |
---------------+----+-----
Armour         | 5 |  5.3
Fighting       | 5 |  5.2
Long Blades    | 3 |  3.5
Shields        | 4 |  4.3
Dodging        | |  0.4

Action                   || total
-------------------------++-------
Melee: Long sword        ||    27
       Headbutt          ||     3
  Use: Potion            ||     3
Armor: Scale mail        ||    11
Dodge: Dodged            ||     7
Block: Buckler           ||     6

Table legend: (Time is in decaauts)
 A = Elapsed time spent in this place.
 B = Non-inter-level travel time spent in this place.
 C = Inter-level travel time spent in this place.
 D = Time resting spent in this place.
 E = Time spent auto-exploring this place.
 F = Levels seen in this place.
 G = Mean time per level.
                   A        B        C        D        E       F      G
               +--------+--------+--------+--------+--------+-----+--------+
         Total |    139 |    139 |      0 |     96 |      3 |   1 |  139.0 |
       Dungeon |    139 |    139 |      0 |     96 |      3 |   1 |  139.0 |
               +--------+--------+--------+--------+--------+-----+--------+

Top non-repeatable levels by time:
       D: 139 daAuts
